AoeStats
← g.jiminy

Oasis

509450902Analyzed
4v4 RM · 6d ago on Sep 26, 2026· 25m 50s· 8 players
Game mode
Random Map
Map size
Large (8 player)
Population
200
Speed
Normal
Resources
Standard
Victory
Conquest
Starting age
Dark Age
Ending age
Imperial Age
RankedLock teamsTeams togetherTeam positionsShared explorationLock speedFull tech treeHidden civsTurbo modeCheats
Victory
Defeat
🇨🇦 Ethiopians · Canada
1313
+9
🇫🇷 Wei · France
1119
+17
🇫🇷 Hindustanis · France
1102
+18
🇫🇷 Varangians · France
1090
+18
🇸🇰 Hindustanis · Slovakia
1183
-17
🇲🇽 Byzantines · Mexico
1147
-16
🇹🇼 Danes · Taiwan
1128
-15
🇮🇳 Varangians · India
1107
-14
Atila el Huno
12:30 Feudal Age
Kebab do ruky
11:25 Feudal Age
18:27 Castle Age
18:22 Fletching
20:35 Pikeman
22:26 Padded Archer Armor
22:22 Double-Bit Axe
23:15 Loom
メHANSメ
5:00 Loom
11:46 Feudal Age
13:04 Wheelbarrow
16:37 Castle Age
16:53 Scale Mail Armor
17:07 Forging
16:52 Gold Mining
23:40 Arson
g.jiminy
10:42 Feudal Age
12:00 Horse Collar
12:06 Double-Bit Axe
14:59 Castle Age
16:26 Heavy Plow
16:37 Bow Saw
20:28 Pikeman
21:06 Loom
23:23 Wheelbarrow
23:52 Squires
24:31 Gold Mining
24:31 Stone Mining
25:38 Hand Cart
choka60
6:52 Loom
9:12 Feudal Age
12:15 Double-Bit Axe
16:55 Fletching
20:37 Wheelbarrow
22:49 Castle Age
21:17 Padded Archer Armor
21:29 Horse Collar
21:47 Gold Mining
24:12 Bodkin Arrow
23:40 Crossbowman
26:37 Ballistics
HeN.Synfo
5:36 Loom
12:44 Feudal Age
19:34 Castle Age
18:28 Double-Bit Axe
19:02 Horse Collar
20:21 Husbandry
22:31 Bloodlines
HeN.Chiron
10:20 Feudal Age
11:58 Double-Bit Axe
14:23 Castle Age
15:39 Bow Saw
16:10 Horse Collar
18:50 Heavy Plow
19:36 Loom
22:25 Wheelbarrow
25:10 Hand Cart
Pasatho
6:53 Loom
9:46 Feudal Age
10:41 Double-Bit Axe
11:48 Horse Collar
15:24 Forging
17:09 Scale Barding Armor
23:31 Castle Age
25:17 Bloodlines
25:07 Husbandry
26:46 Iron Casting
26:31 Chain Barding Armor
Connection lost

Rejoining the realm…

Still unreachable

The connection could not be restored.

Session expired

The server has moved on; the page needs a fresh start.